 Dungeon Crawl Stone Soup version 0.23.1-37-gaa34b87 (webtiles) character file.

Game seed: 4292159960379174141

4249 eccles the Cleaver (level 10, -1/91 HPs)
             Began as a Minotaur Berserker on Mar 20, 2019.
             Was a High Priest of Trog.
             Blown up by Maurice (4 damage)
             ... with a wand of disintegration (1)
             ... on level 7 of the Dungeon on Mar 22, 2019.
             The game lasted 00:48:06 (6933 turns).

eccles the Cleaver (Minotaur Berserker)             Turns: 6933, Time: 00:48:07

Health: -1/91      AC: 11    Str: 24    XL:     10   Next: 9%
Magic:  3/3        EV: 25    Int:  4    God:    Trog [*****.]
Gold:   339        SH:  0    Dex: 11    Spells: 9/9 levels left

rFire    . . .     SeeInvis .   a - +3 broad axe (antimagic)
rCold    . . .     Gourm    .   (no shield)
rNeg     + . .     Faith    .   k - +0 chain mail
rPois    .         Spirit   .   (helmet restricted)
rElec    .         Reflect  .   (no cloak)
rCorr    +         Harm     .   (no gloves)
MR       .....                  p - +0 pair of boots
Stlth    ..........             j - amulet of the acrobat
HPRegen  0.25/turn              n - ring of resist corrosion
MPRegen  0.08/turn              v - ring of positive energy

@: berserk cooldown, acrobat, slowed, very slow
A: retaliatory headbutt, horns 2
a: Berserk, Trog's Hand, Brothers in Arms, Renounce Religion


You were on level 7 of the Dungeon.
You worshipped Trog.
Trog was extremely pleased with you.
You were not hungry.

You visited 1 branch of the dungeon, and saw 8 of its levels.
You also visited: Sewer.

You collected 339 gold pieces.

Inventory:

Hand Weapons
 a - a +3 antimagic broad axe (weapon)
 C - a +0 hand axe
 E - the +5 dagger of the Ghost {protect, rF+}
   (You found it on level 6 of the Dungeon)

   It protects the one who uses it against injury (+AC on strike).
   It protects you from fire.
 F - a +0 battleaxe
 I - a +2 mace of protection
Missiles
 h - 4 tomahawks (quivered)
 o - 4 tomahawks of dispersal
 D - 41 bolts
Armour
 g - a +0 leather armour
 k - a +0 chain mail (worn)
 m - a +0 buckler
 p - a +0 pair of boots (worn)
 s - a +0 animal skin
Jewellery
 j - an amulet of the acrobat (around neck)
 n - a ring of resist corrosion (left hand)
 v - a ring of positive energy (right hand)
Wands
 d - a wand of digging (3)
 u - a wand of random effects (17)
 y - a wand of flame (13)
Scrolls
 f - 3 scrolls of fog
 i - a scroll of enchant armour
 q - a scroll of noise
 w - 2 scrolls of fear
 x - 10 scrolls of teleportation
 G - a scroll of amnesia
Potions
 l - a potion of degeneration
 r - a potion of brilliance
 t - 6 potions of flight
 z - a potion of might
 A - a potion of agility {unknown}
Comestibles
 c - 17 rations


   Skills:
 * Level 9.6 Fighting
 * Level 12.7 Axes
   Level 1.6 Crossbows
 + Level 7.0 Armour
 + Level 3.7 Dodging
 + Level 0.9 Stealth
 + Level 2.4 Shields


You had 9 spell levels left.
You didn't know any spells.
Your spell library was empty.

Dungeon Overview and Level Annotations

Branches:
Dungeon (8/15)             Temple (0/1) D:5
   Lair: D:8-11

Altars:
Yredelemnul

Annotations:
D:5 1 runed translucent door, Frank's ghost, novice OpFi
D:8 1 runed translucent door, Maurice; night's ghost, novice DrFE


Innate Abilities, Weirdness & Mutations

You reflexively headbutt those who attack you in melee.
You have a pair of horns on your head.


Message History

Okay, then.
You hear some strange, mumbled words.
Put on which piece of jewellery? (? for menu, Esc to quit)
Okay, then.
You hear a zap.
You are blasted!
* * * LOW HITPOINT WARNING * * *
Okay, then.
Something misses you. Something hits you but does no damage.
There is a stone staircase leading up here.
Something hits you.
* * * LOW HITPOINT WARNING * * *
Something steals your 8 scrolls of remove curse!
You climb upwards.
Reactivating autopickup.
There is a stone staircase leading down here.
You hear a zap.
Deactivating autopickup; reactivate with Ctrl-A.
You are blasted!
You die...

#.#.#.#..##...########..#
#..###...#....##.....#..# #.##
##..#.#.###........#
##.###...............#.##
##.#.####.#####.....#.# ##.##
#.# #.....#.# #.#
##.###########.# #.#
#..............# ### #.#
#@.###########.# ..## #.# #.>#
#.# ...# #.####..# #.#
#)#########.......# #.#
..#......)).....>.# #.#
..#......)..#################.#
..#########...................#
..# ##################### ..#


There were no monsters in sight!

Vanquished Creatures
  Prince Ribbit (D:8)
  Sigmund (D:3)
  A yak (D:7)
  5 humans
  3 hogs (D:7)
  Menkaure (D:5)
  A water moccasin (D:6)
  Duvessa (D:5)
  A black bear (D:6)
  2 centaurs
  A big kobold (D:8)
  2 bullfrogs
  Dowan (D:5)
  A scorpion (D:6)
  4 killer bees (D:7)
  3 wights (D:7)
  2 crimson imps
  A bullfrog zombie (D:7)
  A centaur zombie (D:6)
  A jelly (D:6)
  A gnoll shaman (D:7)
  2 hounds (D:7)
  2 orc priests (D:8)
  8 orc wizards
  4 bullfrog skeletons
  A centaur skeleton (D:6)
  6 worker ants
  A merfolk siren (Sewer)
  A merfolk avatar (Sewer)
  A killer bee zombie (D:8)
  A howler monkey zombie (D:6)
  A worker ant zombie (D:7)
  Robin (D:2)
  15 gnolls
  15 adders
  3 river rats
  2 shadow imps (D:5)
  4 oozes
  2 adder skeletons
  3 worms (D:2)
  4 dart slugs
  6 leopard geckos
  12 orcs
  11 giant cockroaches
  15 goblins
  18 hobgoblins
  7 jackals
  16 kobolds
  2 quokkas
  11 ball pythons
  9 bats
  7 frilled lizards
  2 gnoll zombies (D:6)
  A jackal skeleton (D:4)
  A jackal zombie (D:7)
  A leopard gecko zombie (D:6)
  A quokka skeleton (D:5)
  A quokka zombie (D:6)
  30 rats
263 creatures vanquished.

Vanquished Creatures (others)
  A withered plant (D:5)
1 creature vanquished.

Grand Total: 264 creatures vanquished

Notes
Turn   | Place    | Note
-------+----------+-------------------------------------------
     0 | D:1      | eccles the Minotaur Berserker began the quest for the Orb.
     0 | D:1      | Reached XP level 1. HP: 19/19 MP: 0/0
   144 | D:1      | Reached XP level 2. HP: 20/27 MP: 1/1
   161 | D:1      | Reached skill level 4 in Axes
   502 | D:1      | Reached XP level 3. HP: 34/34 MP: 2/2
   647 | D:1      | Reached ** piety under Trog
  1031 | D:2      | Noticed Robin
  1037 | D:2      | Reached XP level 4. HP: 28/41 MP: 3/3
  1056 | D:2      | Killed Robin
  1063 | D:2      | Reached skill level 5 in Fighting
  1322 | D:2      | Reached skill level 5 in Axes
  1563 | D:2      | Reached *** piety under Trog
  1563 | D:2      | Reached XP level 5. HP: 24/48 MP: 4/4
  1573 | D:2      | Reached skill level 1 in Shields
  1891 | D:3      | Noticed Sigmund
  2140 | D:3      | Killed Sigmund
  2140 | D:3      | Reached skill level 6 in Axes
  2140 | D:3      | Reached XP level 6. HP: 47/56 MP: 5/5
  2380 | D:3      | You fall through a shaft for 3 floors!
  2385 | D:5      | Entered Level 5 of the Dungeon
  2500 | D:5      | Found a runed translucent door.
  2500 | D:5      | Noticed Frank's ghost (novice OpFi)
  2528 | D:5      | Noticed Menkaure
  2537 | D:5      | Killed Menkaure
  2537 | D:5      | Reached skill level 7 in Axes
  2537 | D:5      | Reached XP level 7. HP: 62/62 MP: 6/6
  2611 | D:5      | Noticed Dowan
  2615 | D:5      | Reached **** piety under Trog
  2615 | D:5      | Noticed Duvessa
  2857 | D:5      | Found a staircase to the Ecumenical Temple.
  2940 | D:4      | Reached skill level 8 in Axes
  2981 | D:4      | Found a glowing drain.
  2991 | Sewer    | Entered a sewer
  3291 | Sewer    | Reached ***** piety under Trog
  4057 | D:4      | Reached XP level 8. HP: 71/71 MP: 7/7
  4228 | D:5      | Killed Duvessa
  4228 | D:5      | Reached skill level 9 in Axes
  4230 | D:5      | Killed Dowan
  4322 | D:6      | Reached skill level 5 in Armour
  4464 | D:6      | Received a gift from Trog
  4466 | D:6      | Got a polished triple crossbow {god gift}
  4659 | D:6      | Reached skill level 10 in Axes
  4766 | D:6      | Reached XP level 9. HP: 59/81 MP: 8/8
  4902 | D:6      | Got a transparent dagger
  4928 | D:6      | Identified the +5 dagger of the Ghost {protect, rF+} (You
                  | found it on level 6 of the Dungeon)
  4978 | D:6      | Identified the +9 triple crossbow of Hugg {venom, *Corrode
                  | rPois rC+ rN+} (Trog gifted it to you on level 6 of the
                  | Dungeon)
  5230 | D:6      | Found a basalt altar of Yredelemnul.
  5309 | D:6      | Reached skill level 11 in Axes
  5533 | D:7      | Reached skill level 1 in Crossbows
  6076 | D:7      | Reached skill level 12 in Axes
  6643 | D:8      | Noticed Prince Ribbit
  6659 | D:8      | Killed Prince Ribbit
  6659 | D:8      | Reached XP level 10. HP: 58/91 MP: 9/9
  6675 | D:8      | Received a gift from Trog
  6724 | D:8      | Found a runed translucent door.
  6724 | D:8      | Noticed night's ghost (novice DrFE)
  6892 | D:8      | Noticed Maurice
  6927 | D:8      | HP: 3/91 [disintegration (20)]
  6933 | D:7      | Blown up by Maurice

Skill      XL: |  1  2  3  4  5  6  7  8  9 |
---------------+----------------------------+-----
Fighting       | 4 5 6 8 9 |  9.6
Axes           | 4 5 6 7 8 10 12 | 12.7
Dodging        | 3 |  3.7
Armour         | 3 4 5 7 |  7.0
Shields        | 1 2 |  2.4
Crossbows      | 1 |  1.6
Stealth        | |  0.9

Action                   |  1- 3 |  4- 6 |  7- 9 | 10-12 || total
-------------------------+-------+-------+-------+-------++-------
Melee: Hand axe          |    76 |   147 |   301 |       ||   524
       Headbutt          |    13 |    26 |    88 |     8 ||   135
       Battleaxe         |       |       |   112 |    14 ||   126
       Dagger            |       |       |     6 |       ||     6
       Broad axe         |       |       |       |    25 ||    25
 Fire: Triple crossbow   |       |       |     8 |       ||     8
Throw: Tomahawk          |       |       |     1 |       ||     1
Invok: Berserk           |     1 |     1 |     4 |     1 ||     7
Evoke: Wand              |       |       |     2 |     1 ||     3
  Use: Potion            |       |     1 |     1 |     1 ||     3
       Scroll            |       |     8 |     4 |     1 ||    13
  Eat: Chunk             |       |     6 |    10 |     3 ||    19
       Ration            |       |       |     2 |       ||     2
Armor: Animal skin       |     5 |       |       |       ||     5
       Leather armour    |     2 |       |       |       ||     2
       Chain mail        |    24 |    79 |   154 |    22 ||   279
       Skin              |       |     7 |       |       ||     7
Dodge: Dodged            |    45 |    82 |   208 |    16 ||   351
Block: Buckler           |     2 |    30 |    34 |       ||    66
